 Dungeon Crawl Stone Soup version 0.22.0-13-g43fe8f2 (webtiles) character file.

43 digijack the Charmwright (level 3, 0/27 HPs)
             Began as a Gnoll Skald on Aug 16, 2018.
             Succumbed to Sigmund's poison
             ... on level 2 of the Dungeon.
             The game lasted 00:11:32 (1409 turns).

digijack the Charmwright (Gnoll Skald)              Turns: 1409, Time: 00:11:33

Health: 0/27       AC:  3    Str: 12 (13) XL:     3   Next: 58%
Magic:  7/9        EV: 14    Int: 13 (15) God:
Gold:   45         SH:  0    Dex: 14 (15) Spells: 9/12 levels left

rFire    . . .     SeeInvis .   a - +0 falchion
rCold    . . .     Gourm    .   (no shield)
rNeg     . . .     Faith    .   b - +0 leather armour
rPois    .         Spirit   .   (helmet restricted)
rElec    .         Reflect  .   (no cloak)
rCorr    .         Harm     .   (no gloves)
MR       .....                  (no boots)
Stlth    +.........             (no amulet)
HPRegen  0.09/turn              (no ring)
MPRegen  0.11/turn              (no ring)

@: lethally poisoned (0 -> -7)
A: distributed training, fangs 1, horns 1, frail 1, screaming 1, MP-powered
wands, strong nose
a: no special abilities


You were on level 2 of the Dungeon.
You were not hungry.

You visited 1 branch of the dungeon, and saw 2 of its levels.

You collected 45 gold pieces.

Inventory:

Hand Weapons
 a - a +0 falchion (weapon)
Missiles
 f - 61 stones (quivered)
Armour
 b - a +0 leather armour (worn)
Scrolls
 g - a scroll of remove curse
 h - 3 scrolls of identify
Comestibles
 c - a chunk of flesh
 d - 6 rations


   Skills:
 + Level 4.5 Fighting
 + Level 0.8 Short Blades
 + Level 4.5 Long Blades
 + Level 0.8 Axes
 + Level 0.8 Maces & Flails
 + Level 0.8 Polearms
 + Level 0.8 Staves
 + Level 0.8 Slings
 + Level 0.8 Bows
 + Level 0.8 Crossbows
 + Level 0.8 Throwing
 + Level 2.6 Armour
 + Level 4.5 Dodging
 + Level 0.8 Stealth
 + Level 0.8 Shields
 + Level 0.8 Unarmed Combat
 + Level 5.0 Spellcasting
 + Level 0.5 Conjurations
 + Level 0.5 Hexes
 + Level 5.4 Charms
 + Level 0.5 Summonings
 + Level 0.5 Necromancy
 + Level 0.5 Translocations
 + Level 0.5 Transmutations
 + Level 0.5 Fire Magic
 + Level 0.5 Ice Magic
 + Level 0.5 Air Magic
 + Level 0.5 Earth Magic
 + Level 0.5 Poison Magic
 + Level 1.0 Invocations
 + Level 0.8 Evocations


You had 9 spell levels left.
You knew the following spells:

 Your Spells              Type           Power        Failure   Level  Hunger
a - Infusion              Chrm           ###.         2%          1    None
b - Shroud of Golubria    Chrm/Tloc      ##........   11%         2    ##.....

Your spell library contained the following spells:

 Spells                   Type           Power        Failure   Level  Hunger
 Regeneration             Chrm/Necr      ##........   21%         3    ###....
 Song of Slaying          Chrm           ###.....     3%          2    ##.....
 Spectral Weapon          Hex/Chrm       ##......     21%         3    ###....


Dungeon Overview and Level Annotations

Branches:
Dungeon (2/15)

Altars:
Trog

Annotations:
D:2 Natasha, Sigmund


Innate Abilities, Weirdness & Mutations

Your experience applies equally to all skills.
You have very sharp teeth.
Your uncanny sense of smell can sniff out nearby items.
You have a pair of small horns on your head.
You are frail. (-10% HP)
You occasionally shout uncontrollably at your foes.
You expend magic power (3 MP) to strengthen your wands.


Message History

Something barely misses you.
You're too confused!
It was a potion of mutation.
You feel extremely strange.
You feel the urge to shout.
You feel frail.
You feel your magical essence link to your wands.
A pair of horns grows on your head! Something barely misses you.
You feel less confused. Something hits you.
* * * LOW HITPOINT WARNING * * *
You are lethally poisoned!
As you read the scroll of fear, it crumbles to dust.
You assume a fearsome visage.
You are no longer magically infusing your attacks.
* * * LOW HITPOINT WARNING * * *
You feel sick.
* * * LOW HITPOINT WARNING * * *
You feel sick.
Your shroud unravels.
You die...

......#........#,*#.....#**
......#........#.##.....#
.....##......###.##.....##
##...#..#......#.......{.*
#..>............##.....#,*
#..###.†.........##....#,***
...# #.........#.##....#,,,**
#.####............#....###..#*
................@............*
######.........##############*
#.........# #.........#
#.........# ###########


There were no monsters in sight!

Vanquished Creatures
  A worm (D:2)
  A dart slug (D:2)
  2 leopard geckos
  A ball python (D:2)
  2 bats (D:2)
  2 giant cockroaches (D:2)
  6 goblins
  3 hobgoblins (D:1)
  2 jackals (D:2)
  9 kobolds
  5 rats
34 creatures vanquished.

Notes
Turn   | Place    | Note
-------+----------+-------------------------------------------
     0 | D:1      | digijack the Gnoll Skald began the quest for the Orb.
     0 | D:1      | Reached XP level 1. HP: 20/20 MP: 6/6
   251 | D:1      | Reached XP level 2. HP: 26/26 MP: 7/7
   415 | D:1      | Upgraded the game from 0.22.0-6-g71bd7aa to 0.22.0-13-g43fe8f2
   616 | D:2      | Noticed Natasha
   678 | D:1      | Learned a level 2 spell: Shroud of Golubria
   686 | D:2      | Reached XP level 3. HP: 22/31 MP: 0/9
   689 | D:2      | Reached skill level 5 in Spellcasting
  1095 | D:2      | Reached skill level 1 in Invocations
  1259 | D:2      | Found a bloodstained altar of Trog.
  1392 | D:2      | Noticed Sigmund
  1403 | D:2      | Gained mutation: You occasionally shout uncontrollably at your foes. [potion of mutation]
  1403 | D:2      | Gained mutation: You are frail. (-10% HP) [potion of mutation]
  1403 | D:2      | Gained mutation: You expend magic power (3 MP) to strengthen your wands. [potion of mutation]
  1403 | D:2      | Gained mutation: You have a pair of small horns on your head. [potion of mutation]
  1407 | D:2      | HP: 1/27 [poisoned by Sigmund]
  1409 | D:2      | Succumbed to Sigmund's poison

Skill      XL: |  1  2  3 |
---------------+----------+-----
Spellcasting   | 5 |  5.0
Invocations    | 1 |  1.0
Fighting       | |  4.5
Short Blades   | |  0.8
Long Blades    | |  4.5
Axes           | |  0.8
Maces & Flails | |  0.8
Polearms       | |  0.8
Staves         | |  0.8
Slings         | |  0.8
Bows           | |  0.8
Crossbows      | |  0.8
Throwing       | |  0.8
Armour         | |  2.6
Dodging        | |  4.5
Stealth        | |  0.8
Shields        | |  0.8
Unarmed Combat | |  0.8
Conjurations   | |  0.5
Hexes          | |  0.5
Charms         | |  5.4
Summonings     | |  0.5
Necromancy     | |  0.5
Translocations | |  0.5
Transmutations | |  0.5
Fire Magic     | |  0.5
Ice Magic      | |  0.5
Air Magic      | |  0.5
Earth Magic    | |  0.5
Poison Magic   | |  0.5
Evocations     | |  0.8

Action                   || total
-------------------------++-------
Melee: Falchion          ||   110
       Bite              ||    10
       Punch             ||     1
 Cast: Infusion          ||     4
       Shroud of Golubri ||     3
  Use: Scroll            ||     6
       Potion            ||     2
 Stab: Sleeping          ||     2
  Eat: Chunk             ||     2
Armor: Leather armour    ||    13
Dodge: Dodged            ||    96
       Rpst.: Falchion   ||    22
